 Dungeon Crawl Stone Soup version 0.19-a0-1882-gbb73ea0 (webtiles) character file.

4838 dvd the Conjurer (level 10, -1/80 HPs)
             Began as a Red Draconian Conjurer on Oct 14, 2016.
             Was a Follower of Vehumet.
             Slain by a troll (6 damage)
             ... on level 10 of the Dungeon.
             The game lasted 00:38:29 (10740 turns).

dvd the Conjurer (Red Draconian Conjurer)          Turns: 10740, Time: 00:38:30

Health: -1/80      AC:  7    Str: 12    XL:     10   Next: 25%
Magic:  15/34      EV: 14    Int: 24    God:    Vehumet [*.....]
Gold:   581        SH:  0    Dex: 11    Spells: 5 memorised, 3 levels left

rFire  + . .     SeeInvis .     p - +6 Majin-Bo {vamp, Archmagi MP+6 Int+6}
rCold  . . .     Gourm    .     (armour unavailable)
rNeg   . . .     Faith    .     (shield currently unavailable)
rPois  .         Spirit   .     (helmet restricted)
rElec  .         Dismiss  .     (no cloak)
rCorr  .         Reflect  .     (no gloves)
MR     .....     Harm     .     (no boots)
Stlth  +++.......               (no amulet)
                                u - ring of wizardry
                                y - ring of magical power

@: no status effects
A: breathe fire, unfitting armour, fire resistance 1, cold-blooded, AC +7
a: Breathe Fire, Renounce Religion


You were on level 10 of the Dungeon.
You worshipped Vehumet.
Vehumet was aware of your devotion.
You were hungry.

You visited 2 branches of the dungeon, and saw 11 of its levels.
You also visited: Ossuary.

You collected 581 gold pieces.

Inventory:

Hand Weapons
 d - a +3 short sword of venom
 h - a +0 war axe of chopping
 n - a +2 short sword of draining
 p - the +6 Majin-Bo (weapon) {vamp, Archmagi MP+6 Int+6}
   (You found it on level 9 of the Dungeon)

   It inflicts no extra harm, but heals its wielder when it wounds a living foe.
   It affects your intelligence (+6).
   It affects your magic capacity (+6).
Armour
 s - a +0 buckler
Jewellery
 l - an uncursed ring of ice
 o - an uncursed ring of positive energy
 r - an uncursed amulet of faith
 u - a ring of wizardry (right hand)
 w - an uncursed ring of protection from magic
 y - a ring of magical power (left hand)
Wands
 A - a wand of digging (6/24)
Scrolls
 c - 2 scrolls of fear
 j - 2 scrolls of blinking
 k - 2 scrolls of teleportation
 q - 12 scrolls of identify
 v - 7 scrolls of remove curse
 B - 3 scrolls of recharging
 E - a scroll of amnesia
Potions
 e - 2 potions of agility
 i - a potion of curing
 m - a potion of might
 z - a potion of resistance {unknown}
 C - a potion of berserk rage
Books
 a - a book of Conjurations

   Spells                             Type                      Level
   a - Magic Dart                     Conjuration                  1
   b - Searing Ray                    Conjuration                  2
   c - Dazzling Spray                 Conjuration/Hexes            3
   d - Fulminant Prism                Conjuration/Hexes            4
   e - Iskenderun's Mystic Blast      Conjuration                  4
   f - Iskenderun's Battlesphere      Conjuration/Charms           5
 g - a book of Flames

   Spells                             Type                      Level
   a - Flame Tongue                   Conjuration/Fire             1
   b - Throw Flame                    Conjuration/Fire             2
   c - Conjure Flame                  Conjuration/Fire             3
   d - Inner Flame                    Hexes/Fire                   3
   e - Sticky Flame                   Conjuration/Fire             4
   f - Fireball                       Conjuration/Fire             5
 D - Bam Dumuemn's Foundations of Secret Knowledge
   (You found it on level 10 of the Dungeon)

   Spells                             Type                      Level
   a - Static Discharge               Conjuration/Air              3
   b - Stone Arrow                    Conjuration/Earth            3
   c - Spectral Weapon                Hexes/Charms                 3
   d - Lesser Beckoning               Translocation                3
   e - Spider Form                    Transmutation/Poison         3
Comestibles
 b - 10 bread rations
 f - a beef jerky
 t - 5 fruits
 x - 2 meat rations


   Skills:
 + Level 4.6 Fighting
 + Level 6.0 Short Blades
 + Level 2.0 Staves
 + Level 5.1 Dodging
 + Level 5.2 Stealth
 + Level 0.2 Shields
 + Level 1.0 Unarmed Combat
 + Level 6.4 Spellcasting
 + Level 7.6 Conjurations
 + Level 3.2 Hexes
 + Level 3.4 Fire Magic


You had 3 spell levels left.
You knew the following spells:

 Your Spells              Type           Power        Failure   Level  Hunger
a - Throw Flame           Conj/Fire      ######       1%          2    None
b - Dazzling Spray        Conj/Hex       ######       1%          3    None
c - Iskenderun's Mystic   Conj           ######..     1%          4    ###....
d - Fulminant Prism       Conj/Hex       ######....   4%          4    ###....
e - Fireball              Conj/Fire      ######....   10%         5    #####..


Dungeon Overview and Level Annotations

Branches:
Dungeon (10/15)            Temple (1/1) D:7            Lair (0/6) D:8
    Orc: D:9-12

Altars:
Ashenzari
Cheibriados
Dithmenos
Elyvilon
Fedhas
Gozag
Hepliaklqana
Kikubaaqudgha
Makhleb
Nemelex Xobeh
Okawaru
Qazlal
Ru
Sif Muna
Trog
Uskayaw
Vehumet
Xom
Yredelemnul
Zin
The Shining One

Shops:
D:10 (

Annotations:
D:8 azzavlup's ghost, novice TeBe


Innate Abilities, Weirdness & Mutations

You can breathe blasts of fire.
Your fiery red scales are hard. (AC +7)
You cannot fit into any form of body armour.
Your flesh is heat resistant. (rF+)
You are cold-blooded and may be slowed by cold attacks.


Message History

Unknown command.
You barely miss the troll.
The troll is severely wounded.
The troll bites you but does no damage. The troll closely misses you.
The troll claws you!
* * * LOW HITPOINT WARNING * * *
You barely miss the troll.
The troll is heavily wounded.
Unknown command.
You feel better.
Found 13 gold pieces.
You see here a leopard gecko corpse.
You hit the troll.
You feel better.
The troll is heavily wounded.
The troll is no longer blind.
The troll bites you.
* * * LOW HITPOINT WARNING * * *
The troll claws you.
* * * LOW HITPOINT WARNING * * *
The troll claws you.
You die...

. ..
...##########
.$.........!#
.......)†..(#
.......@)...#
..#....T)...#
#....)....#
#..........#
#...........#
..#.........#
. #####.#####
...


You could see a troll.

Vanquished Creatures
  A centaur zombie (D:10)
  A komodo dragon (D:8)
  A troll (D:9)
  A two-headed ogre (D:8)
  The ghost of removeelyvilon the Magician, an amateur DsSu of Uskayaw (D:6)
  Sigmund (D:5)
  A wyvern (D:9)
  2 humans (D:7)
  Menkaure (Ossuary)
  An orc warrior (D:10)
  2 phantoms
  2 ice beasts
  A necrophage (D:7)
  A black bear (D:7)
  A sky beast (D:6)
  3 ogres
  2 centaurs
  2 big kobolds
  5 bullfrogs
  2 scorpions
  6 crimson imps
  The ghost of Duskembrace the Sneak, a weakling VSMo (D:4)
  4 jellies
  2 hounds
  A gnoll shaman (D:7)
  2 orc priests
  6 orc wizards
  An iguana (D:10)
  6 worker ants
  A hound skeleton (D:5)
  3 mummies (Ossuary)
  A worker ant zombie (D:9)
  8 adders
  11 gnolls
  2 adder skeletons (D:7)
  4 worms
  4 dart slugs
  5 leopard geckos
  13 orcs
  4 bats (D:1)
  3 giant cockroaches
  3 gnoll zombies (Ossuary)
  38 goblins
  24 hobgoblins
  15 kobolds
  7 quokkas
  2 ball pythons
  3 frilled lizards
  3 gnoll skeletons (Ossuary)
  3 goblin skeletons (Ossuary)
  4 goblin zombies (Ossuary)
  A hobgoblin skeleton (Ossuary)
  4 hobgoblin zombies (Ossuary)
  A jackal zombie (D:9)
  2 kobold skeletons (Ossuary)
  2 kobold zombies (Ossuary)
  4 orc skeletons (Ossuary)
  4 orc zombies (Ossuary)
  10 rats
  4 rat skeletons (Ossuary)
  3 rat zombies (Ossuary)
257 creatures vanquished.

Vanquished Creatures (others)
  A gnoll (D:5)
  2 gnoll skeletons (Ossuary)
  A goblin skeleton (Ossuary)
  A goblin zombie (Ossuary)
  2 hobgoblin skeletons (Ossuary)
  A hobgoblin zombie (Ossuary)
  A kobold skeleton (Ossuary)
  An orc skeleton (Ossuary)
  2 orc zombies (Ossuary)
  A rat skeleton (Ossuary)
  A rat zombie (Ossuary)
  2 fulminant prisms
  2 plants (D:8)
18 creatures vanquished.

Grand Total: 275 creatures vanquished

Notes
Turn   | Place    | Note
-------+----------+-------------------------------------------
     0 | D:1      | dvd the Draconian Conjurer began the quest for the Orb.
     0 | D:1      | Reached XP level 1. HP: 14/14 MP: 3/3
   368 | D:1      | Reached XP level 2. HP: 16/20 MP: 1/5
   765 | D:1      | Reached XP level 3. HP: 23/26 MP: 3/6
   871 | D:1      | Learned a level 3 spell: Dazzling Spray
  2133 | D:3      | Found a blossoming altar of Fedhas.
  2185 | D:3      | Reached XP level 4. HP: 27/34 MP: 5/8
  2331 | D:3      | Reached skill level 1 in Unarmed Combat
  2380 | D:3      | Reached skill level 5 in Conjurations
  2792 | D:4      | Noticed an ogre
  2812 | D:4      | Killed an ogre
  2812 | D:4      | Reached skill level 1 in Short Blades
  2812 | D:4      | Reached XP level 5. HP: 22/39 MP: 6/9
  3025 | D:4      | Reached skill level 1 in Fighting
  3086 | D:4      | Reached XP level 6. HP: 42/47 MP: 9/10
  3114 | D:4      | Noticed Duskembrace's ghost (weakling VSMo)
  3120 | D:4      | Killed Duskembrace's ghost
  3315 | D:4      | Learned a level 4 spell: Iskenderun's Mystic Blast
  3423 | D:5      | Entered Level 5 of the Dungeon
  3514 | D:5      | Noticed an ice beast
  3532 | D:5      | Killed an ice beast
  3790 | D:5      | Found a bloodstained altar of Trog.
  3956 | D:5      | Your scales start taking on a fiery red colour.
  3956 | D:5      | Reached XP level 7. HP: 52/52 MP: 8/12
  3956 | D:5      | Gained mutation: Your flesh is heat resistant. (rF+) [Red Draconian growth]
  4516 | D:5      | Reached skill level 1 in Hexes
  4828 | D:5      | Noticed Sigmund
  4841 | D:5      | Killed Sigmund
  4847 | D:5      | Reached skill level 6 in Conjurations
  4856 | D:5      | Learned a level 4 spell: Fulminant Prism
  4892 | D:5      | Reached XP level 8. HP: 44/62 MP: 11/13
  5546 | D:6      | Found a sacrificial altar of Ru.
  5547 | D:6      | Noticed removeelyvilon's ghost (amateur DsSu)
  5566 | D:6      | Killed removeelyvilon's ghost
  5790 | D:6      | Learned a level 2 spell: Throw Flame
  5796 | D:6      | Became a worshipper of Ru the Awakened
  5998 | D:6      | Found a hazy altar of Hepliaklqana.
  6314 | D:7      | Found a sand-covered staircase.
  6332 | Ossuary  | Entered an ossuary
  6906 | Ossuary  | Noticed Menkaure
  6917 | Ossuary  | Killed Menkaure
  6917 | Ossuary  | Reached skill level 1 in Fire Magic
  6917 | Ossuary  | Reached XP level 9. HP: 11/70 MP: 0/16
  6939 | Ossuary  | Reached skill level 5 in Spellcasting
  7496 | D:7      | Reached skill level 7 in Conjurations
  7523 | D:7      | Found a staircase to the Ecumenical Temple.
  7534 | Temple   | Entered the Ecumenical Temple
  7716 | Temple   | Fell from the grace of Ru
  7716 | Temple   | Became a worshipper of Vehumet
  8258 | D:7      | Found an iron altar of Okawaru.
  8271 | D:7      | Reached skill level 5 in Short Blades
  8506 | D:8      | Noticed azzavlup's ghost (novice TeBe)
  8661 | D:8      | Found a staircase to the Lair.
  8662 | D:8      | Noticed a komodo dragon
  8687 | D:8      | Killed a komodo dragon
  9251 | D:8      | Learned a level 5 spell: Fireball
  9677 | D:9      | Reached skill level 5 in Stealth
 10036 | D:9      | Reached * piety under Vehumet
 10036 | D:9      | Offered knowledge of Freeze by Vehumet.
 10160 | D:9      | Noticed a troll
 10161 | D:9      | Reached XP level 10. HP: 68/80 MP: 19/19
 10279 | D:10     | Entered Level 10 of the Dungeon
 10315 | D:10     | Reached skill level 1 in Staves
 10315 | D:10     | Reached skill level 5 in Dodging
 10682 | D:10     | Identified Bam Dumuemn's Foundations of Secret Knowledge
 10701 | D:10     | Found Ijeasa's Antique Weapon Shop.
 10735 | D:10     | HP: 1/80 [troll (8)]
 10740 | D:10     | Slain by a troll

Vault maps used:
D:1:      dpeg_arrival_rooms_c
D:2:      lemuel_upstairs_altar, minmay_misc_feat_alley
D:3:      fedhas_altar_fruit_tree, first_bread, minmay_misc_feat_x,
          minivault_14, kennysheep_flooded_box, minmay_misc_feat_more_columns
D:5:      minmay_goblin_kobold_castle, old_standard_altar,
          eino_small_chamber_without_monster, hangedman_decor_peaks_small,
          uniq_sigmund
D:6:      nicolae_ru_awakened_eye, kennysheep_mini_moat,
          kennysheep_generic_room_13
D:7:      okawaru_humans, lightli_ossuary_entry_decrepit_ruins
D:8:      david_lair_shrubbed
D:10:     minmay_bloctagon_deflated, serial_shops, nicolae_shop_trees,
          hangedman_fish_farm, stair_cage_line
Temple:   eino_temple_scatter_basement
Ossuary:  ossuary_due_pyramid

Skill      XL: |  1  2  3  4  5  6  7  8  9 10 |
---------------+-------------------------------+-----
Dodging        | 2 3 4 5 |  5.1
Stealth        | 2 3 4 5 |  5.2
Unarmed Combat | 1 |  1.0
Conjurations   | 5 6 7 |  7.6
Short Blades   | 1 2 3 4 5 6 |  6.0
Fighting       | 1 2 3 4 |  4.6
Spellcasting   | 3 4 6 |  6.4
Hexes          | 1 2 3 |  3.2
Fire Magic     | 1 2 3 |  3.4
Staves         | 2 |  2.0
Shields        | |  0.2

Action                   |  1- 3 |  4- 6 |  7- 9 | 10-12 || total
-------------------------+-------+-------+-------+-------++-------
Melee: Unarmed           |    21 |       |       |       ||    21
       Tailslap          |     9 |     5 |    31 |     3 ||    48
       Short sword       |    64 |    43 |   319 |       ||   426
       Punch             |       |     1 |     1 |       ||     2
       Quarterstaff      |       |       |    13 |    30 ||    43
 Cast: Magic Dart        |    57 |    37 |    15 |       ||   109
       Dazzling Spray    |       |     8 |    65 |    21 ||    94
       Iskenderun's Myst |       |     2 |     7 |       ||     9
       Fulminant Prism   |       |       |     1 |     1 ||     2
       Throw Flame       |       |       |    89 |     7 ||    96
       Fireball          |       |       |     1 |     1 ||     2
 Abil: Breathe Fire      |       |       |    11 |     1 ||    12
  Use: Scroll            |       |       |    11 |     1 ||    12
       Potion            |       |       |     9 |     1 ||    10
 Stab: Sleeping          |     2 |     1 |     8 |       ||    11
       Invisible         |       |     2 |    11 |       ||    13
  Eat: Chunk             |     5 |     6 |    23 |     2 ||    36
       Pizza             |       |       |     1 |       ||     1
       Beef jerky        |       |       |     1 |       ||     1
       Fruit             |       |       |     2 |       ||     2
       Meat ration       |       |       |     1 |       ||     1
       Royal jelly       |       |       |     1 |       ||     1
Armor: Skin              |    28 |    12 |    91 |    13 ||   144
Dodge: Dodged            |    76 |    20 |   273 |    34 ||   403
Block: Buckler           |     5 |       |       |       ||     5
